 Dungeon Crawl Stone Soup version 0.28.0 (webtiles) character file.

Game seed: 11558765055807853292

34980 pkoi the Fencer (level 13, -2/118 HPs)
             Began as a Minotaur Gladiator on Feb 7, 2022.
             Was a High Priest of the Shining One.
             Slain by a boulder beetle (51 damage)
             ... on level 4 of the Lair of Beasts.
             The game lasted 00:23:48 (20407 turns).

pkoi the Fencer (Minotaur Gladiator)               Turns: 20407, Time: 00:23:49

Health: -2/118     AC: 22    Str: 26    XL:     13   Next: 45%
Magic:  16/16      EV:  8    Int: 16    God:    the Shining One [*****.]
Gold:   788        SH:  0    Dex: 13    Spells: 12/12 levels left

rFire   . . .      SeeInvis +   a - +5 scimitar (freeze)
rCold   . . .      Faith    .   (no shield)
rNeg    + + .      Spirit   .   J - +1 plate armour {rPois}
rPois   +          Reflect  .   w - +2 hat {Stlth+}
rElec   .          Harm     .   q - +1 cloak {Stlth+}
rCorr   .          Rampage  .   o - +0 pair of gloves "Beneshiwa" {Stlth+}
Will    +++..                   c - +0 pair of boots
Stlth   ..........              L - amulet "Vaseuwifi" {RegenMP rF+ Str+3 SInv Stlth-}
HPRegen 0.29/turn               e - +4 ring of slaying
MPRegen 0.55/turn               K - ring of Lirad {rPois rF- Will+++ Int+9}

@: glowing
A: horns 2, retaliatory headbutt, clever 1
a: Renounce Religion, Divine Shield, Cleansing Flame, Summon Divine Warrior


You were on level 4 of the Lair of Beasts.
You worshipped the Shining One.
The Shining One was extremely pleased with you.
You visited 3 branches of the dungeon, and saw 16 of its levels.

You collected 788 gold pieces.

Inventory:

Hand Weapons
 a - a +5 scimitar of freezing (weapon)
 b - a +3 longbow of flaming
 C - a +2 scimitar of flaming
 E - a +1 long sword
Missiles
 d - 4 throwing nets (quivered)
 g - 16 poisoned darts
 I - 166 arrows
Armour
 c - a +0 pair of boots (worn)
 o - the +0 pair of gloves "Beneshiwa" (worn) {Stlth+}
   (You found it on level 5 of the Dungeon)

   Stlth:     It makes you more stealthy.
 q - a +1 cloak of stealth (worn)
 w - a +2 hat of stealth (worn)
 J - a +1 plate armour of poison resistance (worn)
Jewellery
 e - a +4 ring of slaying (left hand)
 j - a ring of resist corrosion
 n - a ring of flight
 u - an amulet of magic regeneration
 v - a +4 ring of protection
 K - the ring of Lirad (right hand) {rPois rF- Will+++ Int+9}
   (You found it on level 1 of the Lair of Beasts)

   [ring of poison resistance]

   Int:       It affects your intelligence (+9).
   rF:        It makes you vulnerable to fire.
   rPois:     It protects you from poison.
   Will:      It greatly increases your willpower.
 L - the amulet "Vaseuwifi" (around neck) {RegenMP rF+ Str+3 SInv Stlth-}
   (You found it on level 1 of the Lair of Beasts)

   [amulet of magic regeneration]

   It increases your rate of magic regeneration.
   Str:       It affects your strength (+3).
   rF:        It protects you from fire.
   SInv:      It lets you see invisible.
   Stlth:     It makes you less stealthy.
Wands
 f - a wand of paralysis (11)
 y - a wand of charming (10)
 z - a wand of flame (18)
 A - a wand of iceblast (12)
 B - a wand of mindburst (8)
Scrolls
 m - 6 scrolls of teleportation
 r - a scroll of fog
 s - a scroll of enchant weapon
 x - a scroll of amnesia
 D - 2 scrolls of immolation
 F - a scroll of enchant armour
 M - a scroll of silence
 N - a scroll of identify
 O - a scroll of holy word
Potions
 h - 3 potions of curing
 i - a potion of heal wounds
 k - 2 potions of haste
 l - a potion of cancellation
 p - a potion of ambrosia
 t - a potion of might
 G - 2 potions of magic {unknown}
 H - a potion of flight


   Skills:
 + Level 12.1 Fighting
 + Level 15.1 Long Blades
 * Level 8.8 Bows
 - Level 2.0 Throwing
 - Level 9.0 Armour
 - Level 3.2 Dodging
 + Level 5.7 Invocations
 + Level 11.1 Evocations


You had 12 spell levels left.
You didn't know any spells.
Your spell library contained the following spells:

 Spells                   Type           Power      Damage    Failure   Level
 Sandblast                Erth           0%         2d4       94%         1
 Corpse Rot               Necr/Air       0%         N/A       98%         2
 Ensorcelled Hibernation  Hex/Ice        0%         N/A       98%         2
 Passwall                 Tmut/Erth      0%         N/A       98%         2
 Dazzling Flash           Conj/Hex       0%         N/A       100%        3
 Ignite Poison            Fire/Tmut/Pois 0%         N/A       100%        3
 Inner Flame              Hex/Fire       0%         N/A       100%        3
 Mephitic Cloud           Conj/Pois/Air  0%         N/A       100%        3
 Spider Form              Tmut/Pois      0%         N/A       100%        3
 Stone Arrow              Conj/Erth      0%         3d7       100%        3
 Anguish                  Hex/Necr       0%         N/A       100%        4
 Cause Fear               Hex            0%         N/A       100%        4
 Dispel Undead            Necr           0%         3d6       100%        4
 Agony                    Necr           0%         N/A       100%        5
 Freezing Cloud           Conj/Ice/Air   0%         6-21      100%        5
 Silence                  Hex/Air        0%         N/A       100%        5
 Death Channel            Necr           0%         N/A       100%        6
 Discord                  Hex            0%         N/A       100%        8


Dungeon Overview and Level Annotations

Branches:
Dungeon (11/15)            Temple (1/1) D:5            Lair (4/6) D:11
  Snake (0/4) Lair:2          Orc (0/2) D:11
  Swamp: Lair:2-4    Shoals: Lair:2-4

Altars:
Ashenzari
Cheibriados
Dithmenos
Elyvilon
Fedhas
Gozag
Hepliaklqana
Kikubaaqudgha
Makhleb
Nemelex Xobeh
Okawaru
Qazlal
Ru
Sif Muna
Trog
Uskayaw
Vehumet
Wu Jian
Xom
Yredelemnul
Zin
The Shining One
Beogh

Shops:
D:2 =   D:8 *

Annotations:
D:4 2 transporters, croobank's ghost, amateur DsWr
D:6 3 runed translucent doors, BigPumpCobain's ghost, novice GnTm
D:8 2 transporters
D:9 1 runed translucent door
D:11 3 runed translucent doors, HallandMoats's ghost, journeyman DsMo


Innate Abilities, Weirdness & Mutations

You have a pair of horns on your head.
You reflexively headbutt those who attack you in melee.
Your mind is acute. (Int +2)


Message History

You headbutt the boulder beetle, but do no damage.
The boulder beetle is severely wounded.
The boulder beetle leaps!
The blink frog barely misses you. You furiously retaliate!
You headbutt the blink frog.
You kill the blink frog!
Unknown command.
A rime drake comes into view.
Found a scroll of teleportation.
The rime drake hisses angrily.
The rime drake bites you but does no damage.
The rime drake bites you.
* * * LOW HITPOINT WARNING * * *
The rime drake breathes ice at you. The flash freeze hits you.
* * * LOW HITPOINT WARNING * * *
You are encased in ice.
The blink frog blinks!
The rime drake bites you.
* * * LOW HITPOINT WARNING * * *
You slash the blink frog! You freeze the blink frog.
The blink frog is heavily wounded.
The blink frog blinks!
You slash the rime drake! You freeze the rime drake.
The rime drake is moderately wounded.
The rime drake bites you but does no damage.
The blink frog blinks!
You hit the rime drake. You freeze the rime drake.
The rime drake is heavily wounded.
The ice encasing you melts away.
The rime drake bites you but does no damage.
The blink frog hits you.
* * * LOW HITPOINT WARNING * * *
The blink frog blinks!
You slice the rime drake!! You freeze the rime drake.
You kill the rime drake!
Unknown command.
The boulder beetle curls into a ball and begins rolling!
The blink frog blinks!
Found a scroll labelled QUOZUW SUZUTS.
Found a stone staircase leading down.
You start resting.
The boulder beetle hits you!!!
You die...

........###.#..............##
.....F######...............##
.....##.##.....##.P..##.#...#
.....# #.......##.#..#..##..#
.....# #..#.P°.P#.......##..#
.F....#?..##.°F.#........#.##
.....###. ##B.##.......##.# #
##..##........#.#
#..○#@.PP.###...###
##..B....PP.##..#.#
....................##
.>.................#.#
.....................##
.....................#
.........##..##.#...##
?.###P...##..####...#
##...##.....#...#


You could see a boulder beetle (rolling).

Vanquished Creatures
  Gastronok (D:8)
  Nessos (Lair:4)
  2 hydras
  A centaur warrior (D:10)
  3 two-headed ogres
  Pikel (D:8)
  4 oklob plants (Lair:1)
  A cyclops (D:10)
  A manticore (D:10)
  4 black mambas
  5 cane toads
  Psyche (D:8)
  Maggie (D:6)
  6 komodo dragons
  4 rime drakes
  An efreet (D:10)
  4 polar bears
  5 slime creatures
  9 blink frogs
  A shadow (D:10)
  3 wraiths
  33 yaks
  2 vampires (D:10)
  Eustachio (D:6)
  A wyvern (Lair:2)
  A steam dragon (D:8)
  2 basilisks
  Menkaure (D:6)
  4 nagas (Lair:2)
  6 water moccasins
  2 acid dragons
  4 ice beasts
  4 orc warriors
  4 black bears
  A hornet zombie (D:8)
  2 necrophages (D:6)
  9 centaurs
  3 ogres
  12 wolves
  A lemure (D:8)
  3 phantoms
  11 bullfrogs
  A kobold brigand (D:5)
  2 gnoll sergeants
  2 wyvern zombies
  5 scorpions
  A wyvern skeleton (D:6)
  A water moccasin zombie (D:6)
  5 wights (D:8)
  15 killer bees
  An electric eel (Lair:3)
  4 howler monkeys
  6 centaur zombies
  2 bullfrog zombies
  4 jellies (D:5)
  Crazy Yiuf (D:2)
  4 hounds
  A gnoll shaman (D:9)
  8 orc priests
  4 bullfrog skeletons
  2 centaur skeletons
  5 iguanas
  9 orc wizards
  2 hound zombies (D:5)
  A hound skeleton (D:5)
  2 howler monkey zombies
  5 adders
  14 gnolls
  2 shadow imps
  A white imp (D:5)
  An ufetubus (D:5)
  A worm (D:2)
  3 dart slugs
  39 orcs
  A bat (D:2)
  5 endoplasms
  2 giant cockroaches
  3 goblins
  5 hobgoblins
  9 jackals
  10 kobolds
  8 ball pythons
  2 frilled lizards
  4 rats
369 creatures vanquished.

Vanquished Creatures (collateral kills)
  A wyvern (D:5)
  A gnoll sergeant (D:5)
2 creatures vanquished.

Vanquished Creatures (others)
  29 fungi
  48 plants
77 creatures vanquished.

Grand Total: 448 creatures vanquished

Notes
Turn   | Place    | Note
-------+----------+-------------------------------------------
     0 | D:1      | pkoi the Minotaur Gladiator began the quest for the Orb.
     0 | D:1      | Reached XP level 1. HP: 18/18 MP: 0/0
   260 | D:1      | Reached skill level 4 in Long Blades
   271 | D:1      | Found a faded altar of an unknown god.
   337 | D:1      | Reached XP level 2. HP: 24/25 MP: 1/1
   910 | D:2      | Reached skill level 1 in Armour
  1284 | D:2      | Reached XP level 3. HP: 31/31 MP: 2/2
  1363 | D:2      | Found Aqokhyeg's Jewellery Boutique.
  1654 | D:2      | Found a runed translucent door.
  1655 | D:2      | Noticed Crazy Yiuf
  1948 | D:2      | Killed Crazy Yiuf
  1949 | D:2      | Reached skill level 5 in Long Blades
  1949 | D:2      | Reached XP level 4. HP: 26/38 MP: 3/3
  2255 | D:3      | Reached XP level 5. HP: 40/46 MP: 4/4
  2849 | D:4      | Found a hide-covered altar of Uskayaw.
  3154 | D:3      | Reached skill level 6 in Long Blades
  3154 | D:3      | Reached skill level 1 in Evocations
  3255 | D:4      | Noticed a black bear
  3258 | D:4      | Found a shimmering blue altar of Sif Muna.
  3283 | D:4      | Reached XP level 6. HP: 44/52 MP: 5/5
  3646 | D:4      | Reached skill level 7 in Long Blades
  3853 | D:4      | Found a transporter.
  3871 | D:4      | Found a transporter.
  3874 | D:4      | Noticed croobank's ghost (amateur DsWr)
  4053 | D:5      | Entered Level 5 of the Dungeon
  4120 | D:5      | Reached XP level 7. HP: 60/60 MP: 6/6
  4130 | D:5      | Reached skill level 5 in Fighting
  4263 | D:5      | Found a staircase to the Ecumenical Temple.
  4283 | Temple   | Entered the Ecumenical Temple
  4410 | Temple   | Became a worshipper of the Shining One
  4590 | D:5      | Reached skill level 8 in Long Blades
  5001 | D:5      | Reached XP level 8. HP: 70/70 MP: 7/7
  5097 | D:5      | Identified the +0 pair of gloves "Beneshiwa" {Stlth+}
  5549 | D:6      | Noticed Eustachio
  5557 | D:6      | Reached skill level 9 in Long Blades
  5577 | D:6      | Killed Eustachio
  5577 | D:6      | Reached * piety under the Shining One
  5578 | D:6      | Reached skill level 5 in Evocations
  5876 | D:6      | Noticed Maggie
  5890 | D:6      | Killed Maggie
  5891 | D:6      | Reached XP level 9. HP: 52/78 MP: 8/8
  6050 | D:6      | Noticed BigPumpCobain's ghost (novice GnTm)
  6101 | D:6      | Reached skill level 10 in Long Blades
  6288 | D:6      | Found a runed translucent gate.
  6288 | D:6      | Found a runed translucent gate.
  6288 | D:6      | Found a runed translucent gate.
  6291 | D:6      | Reached ** piety under the Shining One
  6350 | D:6      | Noticed Menkaure
  6357 | D:6      | Killed Menkaure
  6409 | D:6      | Reached skill level 5 in Armour
  7062 | D:7      | Found a snail-covered altar of Cheibriados.
  7337 | D:7      | Reached skill level 11 in Long Blades
  7637 | D:7      | Found a hazy altar of Hepliaklqana.
  8131 | D:6      | Reached XP level 10. HP: 72/88 MP: 9/9
  8436 | D:8      | Found Oluifuqe's Assorted Antiques.
  8495 | D:8      | Noticed Pikel
  8505 | D:8      | Killed Pikel
  8614 | D:8      | Noticed a four-headed hydra
  8615 | D:8      | Found a broken altar of Ashenzari.
  8615 | D:8      | Found a transporter.
  8615 | D:8      | Noticed a skeletal warrior
  8706 | D:8      | Noticed Gastronok
  8709 | D:8      | Noticed Psyche
  8723 | D:8      | Gained mutation: Your mind is acute. (Int +2) [potion of
                  | mutation]
  8724 | D:8      | Killed Psyche
  8725 | D:8      | Reached skill level 12 in Long Blades
  8733 | D:8      | Killed Gastronok
  9261 | D:8      | Reached *** piety under the Shining One
  9523 | D:8      | Found a transporter.
 10422 | D:9      | Found a stormy altar of Qazlal.
 10539 | D:9      | Noticed a two-headed ogre
 10543 | D:9      | Noticed a two-headed ogre
 10546 | D:9      | Killed a two-headed ogre
 10547 | D:9      | Reached XP level 11. HP: 83/97 MP: 10/10
 10550 | D:9      | Reached skill level 13 in Long Blades
 10554 | D:9      | Killed a two-headed ogre
 11124 | D:9      | Found a runed translucent door.
 11125 | D:9      | Found a burning altar of Makhleb.
 11125 | D:9      | Noticed a sixfirhy
 11444 | D:9      | Reached **** piety under the Shining One
 11698 | D:10     | Entered Level 10 of the Dungeon
 12377 | D:10     | Noticed a centaur warrior
 12863 | D:10     | Killed a centaur warrior
 12864 | D:10     | Reached skill level 14 in Long Blades
 13460 | D:10     | Found an ancient bone altar of Kikubaaqudgha.
 13645 | D:10     | Reached skill level 10 in Fighting
 13705 | D:10     | Reached skill level 1 in Bows
 13707 | D:10     | Reached skill level 1 in Invocations
 14061 | D:10     | Noticed a two-headed ogre
 14067 | D:10     | Killed a two-headed ogre
 14068 | D:10     | Reached skill level 10 in Evocations
 14429 | D:10     | Reached XP level 12. HP: 89/107 MP: 12/12
 15040 | D:11     | Found a runed translucent gate.
 15041 | D:11     | Found a runed translucent gate.
 15044 | D:11     | Found a runed translucent gate.
 15147 | D:11     | Noticed a seven-headed hydra
 15155 | D:11     | Killed a two-headed hydra
 15212 | D:11     | Found a staircase to the Lair.
 15563 | D:11     | Found an opulent altar of Gozag.
 15876 | D:11     | Reached skill level 5 in Bows
 16071 | D:11     | Found a staircase to the Orcish Mines.
 16157 | D:11     | Noticed a centaur warrior
 16157 | D:11     | Noticed HallandMoats's ghost (journeyman DsMo)
 16194 | Lair:1   | Entered Level 1 of the Lair of Beasts
 16442 | Lair:1   | Identified the ring of Lirad {rPois rF- Will+++ Int+9}
 16559 | Lair:1   | Reached ***** piety under the Shining One
 16687 | Lair:1   | Identified the amulet "Vaseuwifi" {RegenMP rF+ Str+3 SInv
                  | Stlth-}
 17865 | Lair:2   | Found a staircase to the Snake Pit.
 18615 | Lair:3   | Reached XP level 13. HP: 112/116 MP: 15/15
 18872 | Lair:3   | Reached skill level 5 in Invocations
 19657 | Lair:4   | Noticed Nessos
 20091 | Lair:4   | Killed Nessos
 20347 | Lair:4   | Reached skill level 15 in Long Blades
 20407 | Lair:4   | Slain by a boulder beetle

Illustrated notes

Levels and vault maps discovered:
D:1:      dpeg_arrival_three_same_balls, layout_loops_ring,
          hellmonk_ecumenical_altar_inner_sanctum, kennysheep_small_spiral
D:2:      layout_basic, serial_shops, nicolae_diamond_shop,
          minmay_misc_feat_rugged, uniq_crazy_yiuf_cottage
D:3:      layout_loops_cross
D:4:      layout_rooms, lemuel_tele_altar, mainiacjoe_overflow_alcove_2,
          gammafunk_ghost_mausoleum
D:5:      kennysheep_windowed_halls, layout_rooms, minmay_temple_entry_arrows,
          minmay_misc_feat_more_columns
D:6:      layout_rooms, gammafunk_ghost_icy, uniq_menkaure, uniq_eustachio,
          uniq_maggie
D:7:      layout_cave_pools, mainiacjoe_overflow_small_starburst,
          old_standard_altar, minmay_quadrilaterals
D:8:      layout_loops_corners, gammafunk_temple_overflow_arena, serial_shops,
          kennysheep_little_box, grunt_decor_clamped, uniq_pikel,
          uniq_gastronok, uniq_psyche
D:9:      layout_basic, nzn_makhleb_speed_demon,
          nicolae_qazlal_scattered_showers
D:10:     layout_long_grid, nicolae_overflow_hidden_temple, serial_glass,
          glass_columns_a, glass_columns_b, due_unseen_surprise,
          item_on_display_a, grunt_ministairs_7, minmay_pinched_square
D:11:     layout_gridville, due_lair_maze_entry_diamond, hiddenorc1_lemuel,
          ebering_ghost_gozag, st_stairs_7, kennysheep_path_1,
          david_defended_altar_orc
Temple:   jpeg_temple_clearing
Lair:1:   minmay_lair_oklob_tunnel, layout_cave_pods, grunt_megastairs_3
Lair:2:   layout_gridlike, minmay_snake_entry_guardpost_small
Lair:3:   layout_chaotic_city, nicolae_quartered_pool_super
Lair:4:   layout_regular_city, palyth_hydra_swamp_entry, lemuel_fruit_tree,
          lemuel_fruit_fields, serial_bayou_shore_b, uniq_nessos

Skill      XL: |  1  2  3  4  5  6  7  8  9 10 11 12 13 |
---------------+----------------------------------------+-----
Long Blades    | 4 5 6 7 8 9 11 12 14 15 | 15.1
Armour         | 1 2 3 4 6 7 9 |  9.0
Fighting       | 3 4 5 6 7 9 10 11 12 | 12.1
Evocations     | 1 2 3 5 7 8 10 11 | 11.1
Bows           | 2 7 8 |  8.8
Invocations    | 2 4 5 |  5.7
Throwing       | |  2.0
Dodging        | |  3.2

Action                   |  1- 3 |  4- 6 |  7- 9 | 10-12 | 13-15 || total
-------------------------+-------+-------+-------+-------+-------++-------
Melee: Long sword        |    50 |    74 |   194 |    63 |       ||   381
       Headbutt          |     8 |    13 |    46 |   115 |    32 ||   214
       Punch             |       |       |     3 |    10 |     2 ||    15
       Scimitar          |       |       |       |   375 |   118 ||   493
 Fire: Longbow           |       |       |       |     7 |       ||     7
Invok: Divine Shield     |       |       |       |     1 |       ||     1
  Use: Scroll            |       |     7 |     1 |     8 |     3 ||    19
       Potion            |       |       |     2 |     1 |       ||     3
Armor: Chain mail        |    32 |    48 |    73 |       |       ||   153
       Steam dragon scal |       |       |    45 |    70 |       ||   115
       Plate armour      |       |       |       |   156 |    91 ||   247
Dodge: Dodged            |    21 |    51 |   151 |   205 |    53 ||   481
Block: Other             |       |       |       |     1 |       ||     1
